 Dungeon Crawl Stone Soup version 0.22.1-6-g1668fe2 (webtiles) character file.

38 redwoodhats the Skirmisher (level 3, -1/45 HPs)
             Began as a Barachi Berserker on Jan 29, 2019.
             Was a Believer of Trog.
             Slain by a gnoll
             ... wielding a +0 spear
              (6 damage)
             ... on level 2 of the Dungeon.
             The game lasted 00:04:41 (1160 turns).

redwoodhats the Skirmisher (Barachi Berserker)      Turns: 1160, Time: 00:04:42

Health: -1/45      AC:  3    Str: 23    XL:     3   Next: 43%
Magic:  3/3        EV: 12    Int: 10    God:    Trog [**....]
Gold:   46         SH:  0    Dex: 11    Spells: 2/2 levels left

rFire    + . .     SeeInvis .   a - +1 spear
rCold    . . .     Gourm    .   (no shield)
rNeg     . . .     Faith    .   b - +0 animal skin
rPois    .         Spirit   .   f - +0 helmet
rElec    .         Reflect  .   (no cloak)
rCorr    .         Harm     .   (no gloves)
MR       ++...                  (no boots)
Stlth    ..........             (no amulet)
HPRegen  1.15/turn              e - +2 ring of intelligence
MPRegen  0.08/turn              d - ring of protection from fire

@: berserking, regenerating, very quick
A: +LOS, swims, slowness 1, strong legs 1
a: Hop, Berserk, Trog's Hand, Renounce Religion


You were on level 2 of the Dungeon.
You worshipped Trog.
Trog was pleased with you.
You were not hungry.

You visited 1 branch of the dungeon, and saw 2 of its levels.

You collected 46 gold pieces.

Inventory:

Hand Weapons
 a - a +1 spear (weapon)
Armour
 b - a +0 animal skin (worn)
 f - a +0 helmet (worn)
Jewellery
 d - a ring of protection from fire (right hand)
 e - a +2 ring of intelligence (left hand)
 g - an uncursed amulet of regeneration {unknown}
Scrolls
 h - a scroll of magic mapping {unknown}
 i - a scroll of identify
Comestibles
 c - 3 rations


   Skills:
 + Level 4.0 Fighting
 + Level 3.7 Polearms
 + Level 2.5 Armour
 + Level 2.6 Dodging
 + Level 0.6 Stealth


You had 2 spell levels left.
You didn't know any spells.
Your spell library was empty.

Dungeon Overview and Level Annotations

Branches:
Dungeon (2/15)

Altars:


Innate Abilities, Weirdness & Mutations

Shadows flee at your approach. (+LOS)
You can swim through water.
You cover ground slowly.
You can hop short distances.


Message History

The adder bites you.
The gnoll hits you from afar with a spear!
You hit the adder.
The adder is moderately wounded.
The adder barely misses you.
A gnoll comes into view. It is wielding a spear.
The gnoll hits you from afar with a halberd.
* * * LOW HITPOINT WARNING * * *
The gnoll completely misses you. The adder closely misses you.
Your skin crawls.
You feel resistant to hostile enchantments.
You feel somewhat more hungry.
The gnoll shouts!
The gnoll hits you from afar with a spear.
* * * LOW HITPOINT WARNING * * *
The gnoll closely misses you. The adder bites you but does no damage.
A red film seems to cover your vision as you go berserk!
You feel yourself moving faster!
You feel mighty!
You feel a lot more hungry.
The gnoll hits you from afar with a spear.
You die...

.... #.... ..... ##...
.....## ##..
.g..(..##+#######+#######)
#gg...............(..
#...g................
#..grg...............
####S#######+#######'
#†@.# ##.. #.....# ##...
#.......# #.... #...$...#
#.... #...(..(# #....
##.....## ##... ##...##
##.. ##### ###


You could see 4 gnolls, an adder, a goblin and a rat.

Vanquished Creatures
  An adder (D:2)
  A dart slug (D:1)
  A leopard gecko (D:1)
  2 giant cockroaches (D:1)
  3 hobgoblins
  4 kobolds
  4 bats
  A frilled lizard (D:1)
  3 goblins
  6 rats
26 creatures vanquished.

Notes
Turn   | Place    | Note
-------+----------+-------------------------------------------
     0 | D:1      | redwoodhats the Barachi Berserker began the quest for the
                  | Orb.
     0 | D:1      | Reached XP level 1. HP: 18/18 MP: 1/1
   321 | D:1      | Reached XP level 2. HP: 2/25 MP: 2/2
  1084 | D:2      | Reached skill level 4 in Fighting
  1084 | D:2      | Reached XP level 3. HP: 23/30 MP: 3/3
  1089 | D:2      | Reached ** piety under Trog
  1160 | D:2      | Slain by a gnoll

Skill      XL: |  1  2 |
---------------+-------+-----
Fighting       | 4 |  4.0
Polearms       | |  3.7
Armour         | |  2.5
Dodging        | |  2.6
Stealth        | |  0.6

Action                   || total
-------------------------++-------
Melee: Spear             ||    77
Invok: Berserk           ||     2
       Trog's Hand       ||     1
 Abil: Hop               ||     1
  Use: Scroll            ||     2
       Potion            ||     1
 Stab: Sleeping          ||     1
  Eat: Ration            ||     1
Armor: Animal skin       ||    38
Dodge: Dodged            ||   113
